 Dungeon Crawl Stone Soup version 0.18-b1-22-ge198996 (webtiles) character file.

1440 Wooh the Fighter (level 8, -1/56 HPs)
             Began as a Gargoyle Gladiator on May 3, 2016.
             Was an Initiate of Dithmenos.
             Killed from afar by an orc wizard (5 damage)
             ... with a magic dart
             ... on level 6 of the Dungeon.
             The game lasted 00:15:01 (5844 turns).

Wooh the Fighter (Gargoyle Gladiator)               Turns: 5844, Time: 00:15:04

Health: -1/56      AC: 21    Str: 21    XL:     8   Next: 74%
Magic:  8/8        EV: 12    Int:  8    God:    Dithmenos [......]
Gold:   272        SH:  0    Dex: 16    Spells: 0 memorised, 7 levels left

rFire  . . .     SeeInvis .     a - +0 quarterstaff
rCold  + . .     Gourm    .     L - +0 plate armour
rNeg   + . .     Faith    .     (shield currently unavailable)
rPois  ∞         Spirit   .     M - +2 hat
rElec  +         Dismiss  .     D - +0 cloak
rCorr  .         Reflect  .     (no gloves)
SustAt .         Harm     .     (no boots)
MR     .....                    (no amulet)
Stlth  ..........               (no ring)
                                o - ring of protection from cold

@: agile, not resistant to hostile enchantments, extremely unstealthy
A: negative energy resistance 1, electricity resistance, unbreathing,
petrification resistance, rot immunity, AC +5
a: Renounce Religion


You were on level 6 of the Dungeon.
You worshipped Dithmenos.
Dithmenos was noncommittal.
You were near starving.

You visited 2 branches of the dungeon, and saw 7 of its levels.

You collected 272 gold pieces.

Inventory:

Hand Weapons
 a - a +0 quarterstaff (weapon)
 e - a +0 shortbow
Missiles
 d - 6 throwing nets
 k - 73 arrows
 l - 58 bolts
 B - 3 javelins (quivered)
Armour
 b - a +0 leather armour
 c - a +0 helmet
 u - a +0 ring mail
 D - a +0 cloak (worn)
 L - a +0 plate armour (worn)
 M - a +2 hat (worn)
Jewellery
 o - a ring of protection from cold (left hand)
Scrolls
 n - a scroll of amnesia {unknown}
 q - a scroll of enchant armour {unknown}
 v - a scroll of immolation {unknown}
 x - 2 scrolls of enchant weapon {unknown}
 y - 2 scrolls of random uselessness {unknown}
 E - 2 scrolls of remove curse {unknown}
 G - a scroll of blinking {unknown}
 H - a scroll of fear {unknown}
 K - a scroll of identify
Potions
 g - a potion of berserk rage
 h - 2 potions of resistance
 j - a potion of flight {unknown}
 m - a potion of agility {unknown}
 p - a potion of mutation {unknown}
 r - a potion of heal wounds {unknown}
 s - 3 potions of curing
 w - a potion of brilliance
 z - 3 potions of degeneration
 A - a potion of ambrosia
 C - a potion of magic {unknown}
Miscellaneous
 N - a plain deck of war {drawn: 1}
Comestibles
 f - 5 bread rations
 i - 3 fruits
 t - a slice of pizza
 F - a meat ration
 I - a royal jelly
 J - a beef jerky


   Skills:
 - Level 9.1 Fighting
 - Level 3.0 Staves
 - Level 1.7 Throwing
 + Level 7.1 Armour
 - Level 2.4 Dodging


You had 7 spell levels left.
You didn't know any spells.

Dungeon Overview and Level Annotations

Branches:
Dungeon (6/15)             Temple (1/1) D:5

Altars:
Ashenzari
Dithmenos
Elyvilon
Fedhas
Gozag
Makhleb
Nemelex Xobeh
Okawaru
Pakellas
Qazlal
Ru
Sif Muna
Vehumet
Xom
Zin
The Shining One


Innate Abilities, Weirdness & Mutations

You are resistant to torment.
Your stone body is resilient (AC +5).
You are immune to poison.
You resist negative energy.
You are resistant to electric shocks.
You can survive without breathing.
You are immune to petrification.
You are immune to rotting.


Message History

Drink which item? (? for menu, Esc to quit)
You're too hungry to go berserk.
The orc wizard hits you but does no damage.
Throwing (i - inventory. (,) - cycle):
B - 5 javelins (quivered)
Press: ? - help, Shift-Dir - straight line, f - orc warrior
Aim: an orc warrior, wielding a scimitar and wearing a shiny plate armour (moderately wounded)
You throw a javelin. The javelin hits the orc warrior!
The orc warrior is almost dead.
The orc wizard casts a spell.
The orc wizard seems to speed up.
Throwing (i - inventory. (,) - cycle):
B - 4 javelins (quivered)
Press: ? - help, Shift-Dir - straight line, f/p - orc warrior
Aim: an orc warrior, wielding a scimitar and wearing a shiny plate armour (almost dead)
You throw a javelin. The javelin hits the orc warrior.
You kill the orc warrior!
Dithmenos accepts your kill.
Your Armour skill increases to level 7!
The orc wizard gestures at you while chanting.
The magic dart hits you!
You die...

#....# #....#
#....# ### #....#
...
###....######.#####
.......oo.o........
######.####.######
#.# #.##########.#
#o# #.o((.@.......
#.###############.#
#...o..........#
##############.#
########.#
........)#
.........#
########.# #.#


You could see an orc wizard.

Vanquished Creatures
  Pikel (D:4)
  An orc warrior (D:6)
  A sky beast (D:5)
  A centaur (D:5)
  2 crimson imps (D:6)
  A giant frog skeleton (D:6)
  4 hounds
  2 orc priests
  A gnoll shaman (D:4)
  An iguana (D:4)
  2 orc wizards
  3 worker ants
  A worker ant zombie (D:5)
  10 gnolls
  2 adders
  A shadow imp (D:5)
  An ooze (D:4)
  An adder skeleton (D:5)
  2 worms
  A dart slug (D:1)
  3 giant geckos
  16 orcs
  11 bats
  3 giant cockroaches
  12 goblins
  5 hobgoblins
  14 jackals
  A quokka (D:4)
  A ball python (D:5)
  2 giant newts
  A jackal skeleton (D:5)
  10 kobolds
  2 quokka skeletons
  9 rats
129 creatures vanquished.

Vanquished Creatures (others)
  A slave (D:4)
  A worker ant (D:4)
2 creatures vanquished.

Grand Total: 131 creatures vanquished

Notes
Turn   | Place    | Note
--------------------------------------------------------------
     0 | D:1      | Wooh the Gargoyle Gladiator began the quest for the Orb.
     0 | D:1      | Reached XP level 1. HP: 12/12 MP: 1/1
    30 | D:1      | Reached skill level 1 in Armour
   103 | D:1      | Reached XP level 2. HP: 3/17 MP: 2/2
   655 | D:1      | Reached XP level 3. HP: 19/21 MP: 3/3
  1124 | D:2      | Found a glowing golden altar of the Shining One.
  1407 | D:2      | Reached XP level 4. HP: 7/26 MP: 4/4
  1746 | D:2      | Found a faded altar to an unknown god.
  1903 | D:1      | Reached XP level 5. HP: 9/30 MP: 5/5
  2115 | D:2      | Reached skill level 5 in Armour
  2404 | D:2      | Found a blossoming altar of Fedhas.
  2408 | D:2      | Found a radiant altar of Vehumet.
  3235 | D:3      | Found an oddly glowing altar of Pakellas.
  3794 | D:4      | Reached XP level 6. HP: 31/36 MP: 6/6
  3804 | D:4      | Reached skill level 3 in Fighting
  4061 | D:4      | Found a stormy altar of Qazlal.
  4091 | D:4      | Noticed a slave
  4093 | D:4      | Noticed Pikel
  4095 | D:4      | Noticed a slave
  4096 | D:4      | Noticed a slave
  4099 | D:4      | Noticed a slave
  4125 | D:4      | Killed Pikel
  4125 | D:4      | Reached skill level 7 in Fighting
  4125 | D:4      | Reached XP level 7. HP: 32/48 MP: 7/7
  4241 | D:4      | Reached XP level 8. HP: 38/53 MP: 8/8
  4668 | D:5      | Entered Level 5 of the Dungeon
  4747 | D:5      | Reached skill level 8 in Fighting
  5050 | D:5      | Reached skill level 9 in Fighting
  5476 | D:5      | Found a staircase to the Ecumenical Temple.
  5485 | Temple   | Entered the Ecumenical Temple
  5493 | Temple   | Became a worshipper of Dithmenos the Shadowed
  5720 | D:6      | Found a sparkling altar of Nemelex Xobeh.
  5826 | D:6      | HP: 1/56 [orc warrior/scimitar (7)]
  5844 | D:6      | Killed from afar by an orc wizard

Skill      XL: |  1  2  3  4  5  6  7  8 |
---------------+-------------------------+-----
Armour         | 1 2 4 6 7 |  7.1
Fighting       | 7 9 |  9.1
Staves         | |  3.0
Throwing       | |  1.7
Dodging        | |  2.4

Action                   |  1- 3 |  4- 6 |  7- 9 || total
-------------------------+-------+-------+-------++-------
Melee: Quarterstaff      |   113 |   241 |   221 ||   575
Throw: Javelin           |       |       |     2 ||     2
Evoke: Deck              |       |       |     1 ||     1
  Use: Scroll            |       |       |     6 ||     6
  Eat: Chunk             |     2 |     7 |     6 ||    15
Armor: Leather armour    |    46 |    38 |       ||    84
       Ring mail         |       |   101 |   119 ||   220
       Plate armour      |       |       |    32 ||    32
Dodge: Dodged            |    88 |   206 |   140 ||   434
